 Dungeon Crawl Stone Soup version 0.16.1-2-g95b8d4c (webtiles) character file.

91 Leibowitz the Sneak (level 4, -1/34 HPs)
             Began as a Demigod Enchanter on Mar 24, 2015.
             Succumbed to Crazy Yiuf's poison
             ... on level 2 of the Dungeon.
             The game lasted 00:07:06 (2086 turns).

Leibowitz the Sneak (Demigod Enchanter)             Turns: 2086, Time: 00:07:06

Health: -1/34      AC:  3    Str: 11    XL:     4   Next: 11%
Magic:  5/10       EV: 13    Int: 21    God:
Gold:   86         SH:  0    Dex: 16    Spells: 2 memorised, 4 levels left

rFire  . . .     SeeInvis .     a - +1 dagger
rCold  . . .     Clarity  .     b - +1 robe
rNeg   . . .     SustAb   +     (no shield)
rPois  .         Gourm    .     (no helmet)
rElec  .         Spirit   .     (no cloak)
rCorr  .         Warding  .     (no gloves)
rMut   .         Stasis   .     (no boots)
MR     +....                    (no amulet)
Stlth  ++........               (no ring)
                                e - ring of protection from magic

@: lethally poisoned (-1 -> -21), very slightly contaminated, somewhat resistant
to hostile enchantments, unstealthy
A: sustain abilities
a: no special abilities


You were on level 2 of the Dungeon.
You were not hungry.

You visited 1 branch of the dungeon, and saw 2 of its levels.

You collected 86 gold pieces.

Inventory:

Hand weapons
 a - a +1 dagger (weapon)
Missiles
 n - a throwing net (quivered)
Armour
 b - a +1 robe (worn)
Jewellery
 e - a ring of protection from magic (left hand)
Scrolls
 f - 2 scrolls of noise {unknown}
 g - a scroll of enchant armour {unknown}
 h - 2 scrolls of identify {unknown}
 i - 3 scrolls of teleportation {unknown}
 j - a scroll of random uselessness {unknown}
Potions
 l - a potion of agility
Books
 c - a book of Maledictions

   Spells                             Type                      Level
   a - Corona                         Hexes                        1
   b - Sure Blade                     Hexes/Charms                 2
   c - Ensorcelled Hibernation        Hexes/Ice                    2
   d - Confuse                        Hexes                        3
   e - Dazzling Spray                 Conjuration/Hexes            3
   f - Enslavement                    Hexes                        4
Comestibles
 d - a bread ration
 k - a royal jelly
 m - a beef jerky


   Skills:
 * Level 0.6 Fighting
 * Level 1.6 Short Blades
 * Level 0.6 Armour
 * Level 2.2 Dodging
 * Level 3.4 Stealth
 * Level 2.0 Spellcasting
 * Level 3.0 Hexes
 * Level 0.6 Ice Magic


You had 4 spell levels left.
You knew the following spells:

 Your Spells              Type           Power        Failure   Level  Hunger
a - Corona                Hex            ##.....      4%          1    #......
b - Ensorcelled Hibernat  Hex/Ice        #.....       12%         2    ##.....


Dungeon Overview and Level Annotations

Branches:
Dungeon (2/15)


Innate Abilities, Weirdness & Mutations

Your attributes are resistant to harm.


Message History

Drink which item? (? for menu, Esc to quit)
Okay, then.
You hit Crazy Yiuf but do no damage.
Crazy Yiuf is almost dead.
* * * LOW HITPOINT WARNING * * *
You feel sick.
Crazy Yiuf whimpers, "Rifle canine disdain!"
Crazy Yiuf hits you with a quarterstaff of chaos.
* * * LOW HITPOINT WARNING * * *
You are more poisoned.
You hit Crazy Yiuf.
You kill Crazy Yiuf!
Your Hexes skill increases to level 3!
You have reached level 4!
* * * LOW HITPOINT WARNING * * *
You feel sick.
Drink which item? (? for menu, Esc to quit)
Okay, then.
Unknown command.
You die...

####### #### ####
###.#...### #...
#...##..#......###.##
#..)@.####......##...
#)..### ##..#......#
#### ########..# #..#
#..# #### ### #..#
#..# #.# ########.#
##.# #.# #.........#
##.#####.# .######..#


There were no monsters in sight!

Vanquished Creatures
  Crazy Yiuf (D:2)
  Terence (D:2)
  An adder (D:2)
  2 giant geckos (D:1)
  8 bats
  5 giant cockroaches (D:1)
  2 goblins (D:2)
  5 hobgoblins
  2 jackals (D:2)
  3 kobolds
  4 giant newts (D:2)
  5 rats (D:1)
39 creatures vanquished.

Notes
Turn   | Place    | Note
--------------------------------------------------------------
     0 | D:1      | Leibowitz, the Demigod Enchanter, began the quest for the Orb.
     0 | D:1      | Reached XP level 1. HP: 14/14 MP: 3/3
    65 | D:1      | Reached skill level 1 in Short Blades
   162 | D:1      | Reached XP level 2. HP: 11/20 MP: 4/4
   166 | D:1      | Learned a level 2 spell: Ensorcelled Hibernation
   426 | D:1      | Reached skill level 3 in Stealth
  1463 | D:2      | Reached XP level 3. HP: 14/27 MP: 3/7
  1763 | D:2      | Found an ancient bone altar of Kikubaaqudgha.
  1967 | D:2      | Noticed Terence
  1973 | D:2      | Killed Terence
  2076 | D:2      | Noticed Crazy Yiuf
  2085 | D:2      | Killed Crazy Yiuf
  2085 | D:2      | Reached XP level 4. HP: 2/34 MP: 5/10
  2085 | D:2      | HP: 1/34 [poisoned by Crazy Yiuf]
  2086 | D:2      | Succumbed to Crazy Yiuf's poison

Action                   |  1- 3 |  4- 6 || total
-------------------------+-------+-------++-------
Melee: Dagger            |   119 |       ||   119
Throw: Throwing net      |     1 |       ||     1
 Cast: Ensorcelled Hiber |    18 |       ||    18
       Corona            |     1 |       ||     1
  Use: Potion            |     3 |       ||     3
 Stab: Sleeping          |    17 |       ||    17
  Eat: Chunk             |     2 |       ||     2
       Bread ration      |     1 |       ||     1
